 Dungeon Crawl Stone Soup version 0.26.1-12-g5ba1501909 (webtiles) character file.

Game seed: 206556665288367589

28 MacCMillion the Grave Robber (level 3, 23/24 HPs)
             Began as a Demonspawn Necromancer on July 5, 2021.
             Quit the game on level 1 of the Dungeon on Oct 14, 2021.
             The game lasted 00:11:38 (2107 turns).

MacCMillion the Grave Robber (DsNe)                 Turns: 2107, Time: 00:11:39

Health: 23/24      AC:  2    Str:  8    XL:     3   Next: 0%
Magic:  4/6        EV: 12    Int: 17    God:
Gold:   22         SH:  0    Dex: 13    Spells: 4/6 levels left

rFire    . . .     SeeInvis .   (no weapon)
rCold    . . .     Faith    .   (no shield)
rNeg     . . .     Spirit   .   a - +0 robe
rPois    .         Reflect  .   (no helmet)
rElec    .         Harm     .   (no cloak)
rCorr    .         Rampage  .   (no gloves)
Will     .....                  (no boots)
Stlth    ++........             (no amulet)
HPRegen  0.08/turn              (no ring)
MPRegen  0.10/turn              (no ring)

@: no status effects
A: claws 2
a: no special abilities


You were on level 1 of the Dungeon.
You visited 1 branch of the dungeon, and saw 1 of its levels.

You collected 22 gold pieces.

Inventory:

Hand Weapons
 e - a +0 dagger
Armour
 a - a +0 robe (worn)
Jewellery
 g - an uncursed amulet of faith
Scrolls
 f - 2 scrolls of blinking {unknown}
 i - a scroll of immolation {unknown}
 j - a scroll of teleportation {unknown}
Potions
 b - a potion of degeneration {unknown}
 c - 2 potions of curing {unknown}
 d - a potion of magic {unknown}
 h - a potion of mutation {unknown}


   Skills:
 - Level 1.7 Dodging
 - Level 2.0 Stealth
 - Level 2.0 Spellcasting
 * Level 5.4 Necromancy


You had 4 spell levels left.
You knew the following spells:

 Your Spells              Type           Power        Failure   Level
a - Pain                  Necr           80%          1%          1
b - Animate Skeleton      Necr           40%          1%          1

Your spell library contained the following spells:

 Spells                   Type           Power        Failure   Level
 Vampiric Draining        Necr           10%          6%          3
 Animate Dead             Necr           10%          21%         4
 Agony                    Necr           20%          50%         5


Dungeon Overview and Level Annotations

Branches:
Dungeon (1/15)

Altars:


Innate Abilities, Weirdness & Mutations

You have very sharp fingernails.


Message History

The goblin writhes in agony.
You kill the goblin!
You have reached level 3!
Your experience leads to an increase in your attributes!
Increase (S)trength, (I)ntelligence, or (D)exterity?
Welcome back, MacCMillion the Demonspawn Necromancer.
Press ? for a list of commands and other information.
You have reached level 3!
Your experience leads to an increase in your attributes!
Increase (S)trength, (I)ntelligence, or (D)exterity?
You feel clever.
Your demonic ancestry asserts itself...
Your fingernails sharpen.
Saving game... please wait.
Welcome back, MacCMillion the Demonspawn Necromancer.
Press ? for a list of commands and other information.
Welcome back, MacCMillion the Demonspawn Necromancer.
Press ? for a list of commands and other information.
Welcome back, MacCMillion the Demonspawn Necromancer.
Press ? for a list of commands and other information.
Are you sure you want to abandon this character and quit the game? (Confirm with "yes".)

...##.......#.##.##.#
#############)##.##.#
..# #.......# #.#
####.#### #.########
#.# #.##.....# #.#
.#.#.....# #.#
###......# #.#
.#.#.....# #@#
#.##.....# #.#
#.######## #.# .....#
#.# #.##.# #.# #.##.#
#.# ..##.# #.# #.##.#
..# #.##.#


There were no monsters in sight!

Vanquished Creatures
  A giant cockroach (D:1)
  3 goblins (D:1)
  7 hobgoblins (D:1)
  4 jackals (D:1)
  2 bats (D:1)
  A frilled lizard (D:1)
  2 kobolds (D:1)
  8 rats (D:1)
28 creatures vanquished.

Notes
Turn   | Place    | Note
-------+----------+-------------------------------------------
     0 | D:1      | MacCMillion the Demonspawn Necromancer began the quest for
                  | the Orb.
     0 | D:1      | Reached XP level 1. HP: 13/13 MP: 3/3
   328 | D:1      | Learned a level 1 spell: Animate Skeleton
   857 | D:1      | Gained mutation: You have sharp fingernails. [demonic
                  | ancestry]
   857 | D:1      | Reached XP level 2. HP: 16/19 MP: 1/5
  1155 | D:1      | Reached skill level 5 in Necromancy
  2107 | D:1      | Gained mutation: You have very sharp fingernails. [demonic
                  | ancestry]
  2107 | D:1      | Reached XP level 3. HP: 23/24 MP: 4/6
  2107 | D:1      | Upgraded the game from 0.26.1-11-gd32895ea62 to
                  | 0.26.1-12-g5ba1501909
  2107 | D:1      | Quit the game

Illustrated notes

Levels and vault maps discovered:
D:1:      roderic_octagonal_star, layout_loops_cross

Skill      XL: |  1  2 |
---------------+-------+-----
Stealth        | 2 |  2.0
Necromancy     | 5 |  5.4
Dodging        | |  1.7
Spellcasting   | |  2.0

Action                   || total
-------------------------++-------
Melee: Unarmed           ||    34
       Dagger            ||     5
 Cast: Pain              ||    31
       Animate Skeleton  ||     1
 Stab: Sleeping          ||     1
Armor: Robe              ||    15
Dodge: Dodged            ||    27
